 Dungeon Crawl Stone Soup version 0.17-a0-1532-g2de063d (webtiles) character file.

665 Chiseanne the Magician (level 7, -5/47 HPs)
             Began as a Demonspawn Wanderer on July 16, 2015.
             Slain by kasmir's ghost (27 damage)
             ... on level 4 of the Dungeon.
             The game lasted 00:16:29 (4897 turns).

Chiseanne the Magician (Demonspawn Wanderer)        Turns: 4897, Time: 00:16:29

Health: -5/47      AC:  8    Str: 14    XL:     7   Next: 31%
Magic:  14/16      EV: 13    Int: 15    God:
Gold:   258        SH:  0    Dex: 16    Spells: 2 memorised, 14 levels left

rFire  . . .     SeeInvis .     a - +1 short sword (elec)
rCold  + . .     Clarity  .     e - +0 robe
rNeg   . . .     SustAt   .     (no shield)
rPois  .         Gourm    .     (helmet restricted)
rElec  .         Spirit   .     B - +0 cloak (curse)
rCorr  .         Warding  .     (no gloves)
rMut   .         Stasis   .     q - +2 pair of boots
MR     .....                    (no amulet)
Stlth  +++.......               (no ring)
                                g - ring of protection from cold

@: agile, slowed, very slow, not resistant to hostile enchantments, fairly
stealthy
A: antennae 2, yellow scales 1, powered by pain 1
a: no special abilities


You were on level 4 of the Dungeon.
You were not hungry.

You visited 1 branch of the dungeon, and saw 4 of its levels.

You collected 258 gold pieces.

Inventory:

Hand weapons
 a - a +1 short sword of electrocution (weapon)
 s - a +3 quarterstaff of chaos
 w - a +2 blowgun
Missiles
 m - 35 bolts
 n - 66 arrows
 y - 14 sling bullets
 z - 30 poisoned needles
Armour
 e - a +0 robe (worn)
 q - a +2 pair of boots (worn)
 B - a cursed +0 cloak (worn)
Jewellery
 g - a ring of protection from cold (left hand)
Magical devices
 v - a wand of digging (6)
Scrolls
 k - 3 scrolls of fear
 l - 2 scrolls of immolation
 p - 5 scrolls of remove curse
Potions
 i - a potion of agility {unknown}
 j - a potion of flight {unknown}
 t - a potion of poison {unknown}
 u - a potion of heal wounds {unknown}
 x - a potion of ambrosia
Books
 c - the Catalogue of the Entourage

   Spells                             Type                      Level
   a - Summon Small Mammal            Summoning                    1
   b - Call Canine Familiar           Summoning                    3
 d - the Grimoire of Flying Conjuration

   Spells                             Type                      Level
   a - Shock                          Conjuration/Air              1
   b - Mephitic Cloud                 Conjuration/Poison/Air       3
Comestibles
 b - a chunk of flesh
 f - 3 bread rations
 h - 4 meat rations
 o - a beef jerky
 r - a fruit


   Skills:
 - Level 0.4 Fighting
 - Level 1.0 Throwing
 + Level 2.9 Dodging
 - Level 0.6 Stealth
   Level 1.0 Shields
 * Level 6.2 Spellcasting
 + Level 4.4 Conjurations
 - Level 2.0 Air Magic
 - Level 2.0 Poison Magic


You had 14 spell levels left.
You knew the following spells:

 Your Spells              Type           Power        Failure   Level  Hunger
a - Shock                 Conj/Air       ##..         4%          1    None
b - Mephitic Cloud        Conj/Pois/Air  ##......     17%         3    ##.....


Dungeon Overview and Level Annotations

Branches:
Dungeon (4/15)
 Temple: D:4-7

Altars:
Cheibriados
Fedhas
Kikubaaqudgha
Makhleb
Okawaru
Trog
Xom
The Shining One

Annotations:
D:4 kasmir's ghost, experienced OgAM


Innate Abilities, Weirdness & Mutations

You have a pair of antennae on your head.
You are partially covered in yellow scales (AC +2).
You sometimes gain a little power by taking damage.


Message History

Aiming: Mephitic Cloud
Press: ? - help, Shift-Dir - straight line, f/p - kasmir's ghost
Aim: kasmir's ghost The ball explodes into a vile cloud!
The stinking cloud engulfs kasmir's ghost.
You hit kasmir's ghost.
There is a sudden explosion of sparks!
Kasmir's ghost is moderately damaged.
Kasmir's ghost points at you and mumbles some strange words.
You resist with significant effort.
You hit kasmir's ghost.
Kasmir's ghost is moderately damaged.
Kasmir's ghost hits you!!
Ouch! That really hurt!
You focus on the pain.
You feel agile all of a sudden.
Kasmir's ghost gestures at you while chanting.
You feel as though you will be slow longer.
Kasmir's ghost hits you!!
Ouch! That really hurt!
You die...

##...#......#
#...######§§.)
#......###.## #.###
#.##. #......# #..#
##.# ####..#. #.....##
##.# #..# ##.......
#.....# #.# ##.##
#[.###... ##...##
#.###..#####.## #...
#.<.# #..##.##.W...#
#... #...#
####.##.#..#####....#.
########.[..@W.#...#
#######
#..........§....#
##.............###
##### #..#...........#
#..)# ####...........#
#...# ##........>##
#...# ##...#....###
##.## ########...#
♣♣.♣ ###.# ♣.♣♣


You could see kasmir's ghost.

Vanquished Creatures
  2 ogres (D:4)
  5 killer bees (D:4)
  A crimson imp (D:3)
  Crazy Yiuf (D:4)
  A jelly (D:3)
  An orc wizard (D:4)
  A worker ant (D:4)
  3 gnolls (D:3)
  3 adders
  2 worms
  2 orcs (D:4)
  16 bats
  3 giant cockroaches
  12 goblins
  13 hobgoblins
  4 jackals
  5 quokkas
  2 giant geckos
  A giant gecko skeleton (D:4)
  4 giant newts
  A jackal skeleton (D:4)
  9 kobolds
  A quokka skeleton (D:4)
  11 rats
104 creatures vanquished.

Notes
Turn   | Place    | Note
--------------------------------------------------------------
     0 | D:1      | Chiseanne the Demonspawn Wanderer began the quest for the Orb.
     0 | D:1      | Chiseanne set off with: a curare-tipped needle, a +2 blowgun, the Catalogue of the Entourage, the Grimoire of Flying Conjuration, a +0 robe, a bread ration
     0 | D:1      | Reached XP level 1. HP: 13/13 MP: 5/5
     0 | D:1      | Identified the Catalogue of the Entourage
     0 | D:1      | Identified the Grimoire of Flying Conjuration
     2 | D:1      | Learned a level 1 spell: Shock
   722 | D:1      | Gained mutation: You are partially covered in yellow scales (AC +2). [demonic ancestry]
   722 | D:1      | Reached XP level 2. HP: 19/19 MP: 1/7
  1747 | D:2      | Gained mutation: You have a pair of small antennae on your head. [demonic ancestry]
  1747 | D:2      | Reached XP level 3. HP: 23/25 MP: 1/8
  2109 | D:2      | Reached skill level 1 in Air Magic
  2138 | D:2      | Found an iron altar of Okawaru.
  2368 | D:2      | Learned a level 3 spell: Mephitic Cloud
  2809 | D:2      | Reached skill level 1 in Dodging
  2861 | D:2      | Found an ancient bone altar of Kikubaaqudgha.
  2866 | D:2      | Found a blossoming altar of Fedhas.
  2867 | D:2      | Found a snail-covered altar of Cheibriados.
  2870 | D:2      | Found a glowing golden altar of the Shining One.
  2871 | D:2      | Found a bloodstained altar of Trog.
  3121 | D:3      | Reached XP level 4. HP: 31/31 MP: 3/10
  3454 | D:3      | Found a shimmering altar of Xom.
  3465 | D:3      | Reached XP level 5. HP: 36/36 MP: 0/12
  3560 | D:3      | Found a burning altar of Makhleb.
  3943 | D:4      | Noticed an ogre
  3948 | D:4      | Noticed an ogre
  3963 | D:4      | Noticed kasmir's ghost (experienced OgAM)
  4130 | D:4      | Killed an ogre
  4130 | D:4      | Reached skill level 5 in Spellcasting
  4130 | D:4      | Gained mutation: You sometimes gain a little power by taking damage. [demonic ancestry]
  4130 | D:4      | Reached XP level 6. HP: 42/42 MP: 10/13
  4366 | D:4      | Killed an ogre
  4374 | D:4      | Noticed Crazy Yiuf
  4386 | D:4      | Killed Crazy Yiuf
  4499 | D:4      | Gained mutation: You have a pair of antennae on your head. [demonic ancestry]
  4499 | D:4      | Reached XP level 7. HP: 16/47 MP: 11/15
  4511 | D:4      | Reached skill level 6 in Spellcasting
  4897 | D:4      | Slain by kasmir's ghost

Vault maps used:
D:1:      dpeg_arrival_prison, grunt_decor_cap, minmay_misc_feat_chi,
          minmay_misc_feat_diagonals
D:2:      old_standard_altar, minitemple
D:3:      grunt_temple_overflow_champion_of_chaos
D:4:      first_bread, uniq_crazy_yiuf_cottage

Action                   |  1- 3 |  4- 6 |  7- 9 || total
-------------------------+-------+-------+-------++-------
Melee: Unarmed           |    31 |       |       ||    31
       Whip              |    42 |    10 |       ||    52
       Short sword       |       |    52 |     9 ||    61
 Fire: Blowgun           |     1 |    27 |     7 ||    35
 Cast: Shock             |   130 |    68 |     7 ||   205
       Mephitic Cloud    |       |     8 |     4 ||    12
  Use: Scroll            |     6 |     5 |       ||    11
       Potion            |       |     1 |       ||     1
 Stab: Sleeping          |     2 |       |       ||     2
       Distracted        |       |     2 |       ||     2
       Confused          |       |     1 |       ||     1
  Eat: Chunk             |     6 |     5 |     1 ||    12
       Fruit             |     1 |       |       ||     1
